 Dungeon Crawl Stone Soup version 0.32-a0-886-g41c5271027 (webtiles) character file.

Game seed: 11746922013032656130

53 Biggs the Shooter (level 3, 0/27 HPs)
             Began as a Coglin Hunter on Apr 2, 2024.
             Slain by a cerulean imp
             ... wielding a +0 spear
             ... summoned by Natasha
              (5 damage)
             ... on level 2 of the Dungeon.
             The game lasted 00:01:55 (1023 turns).

Biggs the Shooter (Coglin Hunter)                   Turns: 1023, Time: 00:01:57

Health: 0/27       AC:  3    Str: 11    XL:     3   Next: 87%
Magic:  3/3        EV: 12    Int:  8    God:
Gold:   58         SH:  0    Dex: 19    Spells: 2/2 levels left

rFire   . . .        a - +2 sling {Latda}
rCold   . . .        d - +0 sling {Koruri}
rNeg    . . .        c - +0 leather armour
rPois   .            (no helmet)
rElec   .            (no cloak)
rCorr   .            (no gloves)
SInv    .            (no boots)
Will    .....        (amulet unavailable)
Stlth   ++           (ring unavailable)
HPRegen 0.24/turn    (ring unavailable)
MPRegen 0.08/turn    (no gizmo)

%: no passive effects
@: slowed, revved, very slow
A: off-hand wielding, slow wielding, warmup strikes, no jewellery
a: Invent Gizmo


You were on level 2 of the Dungeon.
You visited 1 branch of the dungeon, and saw 2 of its levels.

You collected 58 gold pieces.

Inventory:

Hand Weapons
 a - a +2 sling (weapon) {Latda}
 d - a +0 sling (offhand) {Koruri}
Armour
 c - a +0 leather armour (worn)
Scrolls
 b - a scroll of butterflies
 f - a scroll of enchant armour {unknown}
 g - a scroll of blinking {unknown}
 h - 2 scrolls of teleportation {unknown}
 j - a scroll of vulnerability {unknown}
Potions
 e - 3 potions of curing {unknown}
 i - a potion of enlightenment {unknown}


   Skills:
 - Level 2.0 Fighting
 - Level 4.1 Ranged Weapons
 + Level 3.0 Dodging
 - Level 0.7 Stealth


You had 2 spell levels left.
You didn't know any spells.
Your spell library was empty.

Dungeon Overview and Level Annotations

Branches:
Dungeon (2/15)

Altars:

Annotations:
D:2 Natasha


Innate Abilities, Weirdness & Mutations

You can wield a second weapon in your off-hand.
It takes a long time for you to wield or remove held weapons.
Your first few attacks do less damage.
You cannot equip rings or amulets.


Message History

You shoot a sling bullet. The sling bullet hits Natasha.
Natasha is heavily wounded.
You shoot a sling bullet.
The sling bullet closely misses Natasha.
Natasha stares at you and mumbles some strange words.
The magic dart hits you.
Unknown command.
Natasha is nearby!
You shoot a sling bullet. The sling bullet barely misses Natasha.
You shoot a sling bullet. The sling bullet hits Natasha.
Natasha is severely wounded.
Natasha casts a spell.
Unknown command.
There are monsters nearby!
You shoot a sling bullet. The sling bullet barely misses Natasha.
You shoot a sling bullet.
The sling bullet closely misses Natasha.
Natasha claws you! The cerulean imp misses you. Natasha claws you!
* * * LOW HITPOINT WARNING * * *
Unknown command.
You are too injured to fight recklessly!
There are monsters nearby!
Unknown command.
You are too injured to fight recklessly!
Unknown command.
You are too injured to fight recklessly!
Unknown command.
Fire: a) +2 sling {Latda}
Press: ? - help, Q - select action Shift-Dir - straight line, f/p - Natasha
Aim: Natasha (severely wounded, 58% to hit)
You shoot a sling bullet.
The sling bullet hits Natasha but does no damage.
Natasha is severely wounded.
You shoot a sling bullet.
The sling bullet closely misses Natasha.
The cerulean imp hits you with a +0 spear.
* * * LOW HITPOINT WARNING * * *
Natasha mumbles some strange words.
The cerulean imp hits you with a +0 spear.
You die...

..........#
#########.# #.#
#######.#
#.......#
#.####### #.#
#.#############
#..........5@.#
#############h#
.# 5# .# .# ..
.#


You could see Natasha and 2 cerulean imps.

Vanquished Creatures
  Natasha (D:2)
  A dart slug (D:2)
  4 endoplasms (D:1)
  3 hobgoblins (D:1)
  3 quokkas (D:1)
  2 ball pythons (D:1)
  A bat (D:1)
  2 frilled lizards (D:1)
  3 goblins (D:1)
  3 kobolds (D:1)
  3 rats (D:1)
26 creatures vanquished.

Notes
Turn   | Place    | Note
-------+----------+-------------------------------------------
     0 | D:1      | Biggs the Coglin Hunter began the quest for the Orb.
     0 | D:1      | Reached XP level 1. HP: 16/16 MP: 1/1
   137 | D:1      | Found a faded altar of an unknown god.
   177 | D:1      | Reached skill level 4 in Ranged Weapons
   177 | D:1      | Reached XP level 2. HP: 22/22 MP: 2/2
   730 | D:1      | Reached XP level 3. HP: 27/27 MP: 3/3
  1006 | D:2      | Noticed Natasha
  1010 | D:2      | Killed Natasha
  1017 | D:2      | Noticed Natasha
  1023 | D:2      | Slain by a cerulean imp

Illustrated notes

Levels and vault maps discovered:
D:1:      saegor_arrival_simple_c, layout_basic,
          chequers_ecumenical_altar_twisty
D:2:      layout_loops_ring, uniq_natasha

Skill      XL: |  1  2  3 |
---------------+----------+-----
Ranged Weapons | 4 |  4.1
Dodging        | 2 3 |  3.0
Fighting       | |  2.0
Stealth        | |  0.7

Action                     || total
---------------------------++-------
   Fire: Sling             ||   120
 Armour: Leather armour    ||     8
  Dodge: Dodged            ||     4

Table legend: (Time is in decaauts)
 A = Elapsed time spent in this place.
 B = Non-inter-level travel time spent in this place.
 C = Inter-level travel time spent in this place.
 D = Time resting spent in this place.
 E = Time spent auto-exploring this place.
 F = Levels seen in this place.
 G = Mean time per level.
                   A        B        C        D        E       F      G
               +--------+--------+--------+--------+--------+-----+--------+
         Total |   1039 |    967 |     72 |      0 |    853 |   2 |  519.5 |
       Dungeon |   1039 |    967 |     72 |      0 |    853 |   2 |  519.5 |
               +--------+--------+--------+--------+--------+-----+--------+

Top non-repeatable levels by time:
     D:1: 986 daAuts
     D:2: 52 daAuts
